 Dungeon Crawl Stone Soup version 0.28-a0-1510-gd0f6b136d3 (webtiles) character file.

Game seed: 64829323608990934

28 southernslant the Poker (level 3, -3/22 HPs)
             Began as a Gargoyle Gladiator on Jan 15, 2022.
             Slain by a gnoll (5 damage)
             ... on level 2 of the Dungeon.
             The game lasted 00:00:53 (739 turns).

southernslant the Poker (Gargoyle Gladiator)         Turns: 739, Time: 00:00:54

Health: -3/22      AC:  7    Str: 19    XL:     3   Next: 12%
Magic:  3/3        EV: 12    Int:  8    God:
Gold:   29         SH:  0    Dex: 11    Spells: 2/2 levels left

rFire   . . .      SeeInvis .   a - +0 trident
rCold   . . .      Faith    .   (no shield)
rNeg    + . .      Spirit   .   b - +0 leather armour
rPois   ∞          Reflect  .   c - +0 helmet
rElec   +          Harm     .   (no cloak)
rCorr   .          Rampage  .   (no gloves)
Will    .....                   (no boots)
Stlth   +.........              (no amulet)
HPRegen 0.07/turn               (no ring)
MPRegen 0.08/turn               (no ring)

@: no status effects
A: sickness immunity, AC +3, negative energy resistance 1, electricity
resistance, torment resistance 1, petrification resistance
a: no special abilities


You were on level 2 of the Dungeon.
You visited 1 branch of the dungeon, and saw 2 of its levels.

You collected 29 gold pieces.

Inventory:

Hand Weapons
 a - a +0 trident (weapon)
Missiles
 d - a throwing net
 f - 38 stones (quivered)
Armour
 b - a +0 leather armour (worn)
 c - a +0 helmet (worn)
Scrolls
 e - a scroll of identify {unknown}
 g - a scroll of blinking {unknown}


   Skills:
 * Level 2.8 Fighting
 + Level 2.9 Polearms
 + Level 2.0 Throwing
 * Level 1.4 Armour
 + Level 2.5 Dodging


You had 2 spell levels left.
You didn't know any spells.
Your spell library was empty.

Dungeon Overview and Level Annotations

Branches:
Dungeon (2/15)

Altars:


Innate Abilities, Weirdness & Mutations

You are immune to sickness and miasma.
Your stone body is resilient. (AC +3)
You are immune to poison.
You resist negative energy. (rN+)
You are resistant to electric shocks. (rElec)
You are resistant to unholy torment.
You are immune to petrification.


Message History

You kill the gnoll!
Your Armour skill increases to level 1!
You puncture the gnoll!
The gnoll is severely wounded.
The gnoll hits you but does no damage. The gnoll hits you with a +0 flail.
You are too injured to fight recklessly!
You are too injured to fight recklessly!
You are too injured to fight recklessly!
You barely miss the gnoll.
The gnoll is severely wounded.
The gnoll barely misses you.
You hit the gnoll.
You kill the gnoll!
The kobold throws a stone.
The stone barely misses you.
Your Throwing skill increases to level 2!
You have reached level 3!
Your experience leads to an increase in your attributes!
Increase (S)trength, (I)ntelligence, or (D)exterity?
You feel stronger. x2
The kobold hits you with a +2 short sword of venom.
* * * LOW HITPOINT WARNING * * *
Things that are here:
a +0 flail; a +0 club; a gnoll corpse You barely miss the kobold.
The kobold misses you.
You puncture the kobold!
You kill the kobold!
The gnoll barely misses you. The gnoll closely misses you.
The gnoll barely misses you.
Things that are here:
a +2 short sword of venom; a stone You are too injured to fight recklessly!
You hit the gnoll.
The gnoll is lightly wounded.
The gnoll hits you with a +0 club.
* * * LOW HITPOINT WARNING * * *
You are too injured to fight recklessly!
You hit the gnoll.
The gnoll is moderately wounded.
The gnoll hits you with a +0 club.
You die...

#.. #.#############
#.#<..........#
#.#.#########.#
#.#....# #.#
####.#.##.# #.#
#....#)##.######.#
#....g@##........#
l...(#################


(gg # You could see a gnoll.

Vanquished Creatures
  2 gnolls (D:2)
  A ball python (D:1)
  An endoplasm (D:1)
  2 goblins (D:1)
  A hobgoblin (D:1)
  A kobold (D:2)
8 creatures vanquished.

Notes
Turn   | Place    | Note
-------+----------+-------------------------------------------
     0 | D:1      | southernslant the Gargoyle Gladiator began the quest for
                  | the Orb.
     0 | D:1      | Reached XP level 1. HP: 12/12 MP: 1/1
   221 | D:1      | Found a faded altar of an unknown god.
   637 | D:1      | Reached XP level 2. HP: 18/18 MP: 2/2
   731 | D:2      | Reached skill level 1 in Armour
   734 | D:2      | Reached XP level 3. HP: 7/22 MP: 3/3
   739 | D:2      | Slain by a gnoll

Illustrated notes

Levels and vault maps discovered:
D:1:      amcnicky_arrival_single_pillar, layout_basic,
          shapermc_ecumenical_altar_mp_vishouse
D:2:      layout_basic

Skill      XL: |  1  2 |
---------------+-------+-----
Armour         | 1 |  1.4
Throwing       | 2 |  2.0
Fighting       | |  2.8
Polearms       | |  2.9
Dodging        | |  2.5

Action                   || total
-------------------------++-------
Melee: Trident           ||    27
Throw: Throwing net      ||     2
       Stone             ||     1
Armor: Leather armour    ||     4
Dodge: Dodged            ||    12

Table legend: (Time is in decaauts)
 A = Elapsed time spent in this place.
 B = Non-inter-level travel time spent in this place.
 C = Inter-level travel time spent in this place.
 D = Time resting spent in this place.
 E = Time spent auto-exploring this place.
 F = Levels seen in this place.
 G = Mean time per level.
                   A        B        C        D        E       F      G
               +--------+--------+--------+--------+--------+-----+--------+
         Total |    743 |    731 |     12 |      0 |    661 |   2 |  371.5 |
       Dungeon |    743 |    731 |     12 |      0 |    661 |   2 |  371.5 |
               +--------+--------+--------+--------+--------+-----+--------+

Top non-repeatable levels by time:
     D:1: 686 daAuts
     D:2: 57 daAuts
